 Dungeon Crawl Stone Soup version 0.26-a0-639-g72c4674329 (webtiles) character file.

Game seed: 9763519975800794885

327979 Flugslaktarn the Severer (level 20, -18/183 HPs)
             Began as a Deep Dwarf Fighter on Sept 24, 2020.
             Was the Champion of Makhleb.
             Demolished by a green draconian monk (35 damage)
             ... on level 2 of the Realm of Zot.
             The game lasted 00:16:43 (16333 turns).

Flugslaktarn the Severer (Deep Dwarf Fighter)      Turns: 16333, Time: 00:16:44

Health: -18/183    AC: 33    Str: 25 (28) XL:     20   Next: 41%
Magic:  6/6        EV: 14    Int:  9 (11) God:    Makhleb [******]
Gold:   1480       SH:  0    Dex: 16      Spells: 19/19 levels left

rFire    + . .     SeeInvis .   a - +8 frozen axe "Frostbite" {freezing cloud, *Noise +Fly rC+}
rCold    + + .     Faith    +   (shield currently unavailable)
rNeg     + . .     Spirit   .   O - +1 gold dragon scales
rPois    +         Reflect  .   H - +2 helmet {Int+3}
rElec    +         Harm     .   T - +2 cloak {Stlth+}
rCorr    .         Rampage  .   e - +2 pair of gloves of Kuadixam {rElec Int-2 Dex+4}
MR       +++++                  J - +2 pair of boots
Stlth    ..........             o - amulet of faith
HPRegen  0.00/turn              m - ring of protection from magic
MPRegen  0.10/turn              I - ring of protection from magic

@: confused, corroded, non-regenerating, slowed, very slow
A: damage resistance, heal wounds, frail 1, negative energy resistance 1, sense
surroundings 3, no regeneration
}: 3/15 runes: serpentine, barnacled, abyssal
a: Heal Wounds, Minor Destruction, Lesser Servant of Makhleb, Major Destruction,
Greater Servant of Makhleb, Renounce Religion, Evoke Flight


You were on level 2 of the Realm of Zot.
You worshipped Makhleb.
Makhleb was exalted by your worship.
You visited 7 branches of the dungeon, and saw 35 of its levels.
You visited the Abyss 3 times.
You also visited: Bailey and Gauntlet.

You collected 1944 gold pieces.
You spent 464 gold pieces at shops.

Inventory:

Hand Weapons
 a - the +8 frozen axe "Frostbite" (weapon) {freezing cloud, *Noise +Fly rC+}
   (You found it in a bailey)

   It has been specially enchanted to freeze those struck by it, causing extra
   injury to most foes and up to half again as much damage against particularly
   susceptible opponents.
   It can also slow down cold-blooded creatures.
   It protects you from cold.
   It lets you fly.
   It may make noises in combat.
Missiles
 k - 3 throwing nets (quivered)
Armour
 b - the +0 pair of gloves "Taeduis" {rF++ Str-5}
   (You bought it in a shop on level 4 of the Depths)

   It affects your strength (-5).
   It greatly protects you from fire.
 c - the +0 pair of gloves of Corruif {rN+++ MP+9 Str+2}
   (You found it in a Gauntlet)

   It affects your strength (+2).
   It renders you almost immune to negative energy.
   It affects your magic capacity (+9).
 e - the +2 pair of gloves of Kuadixam (worn) {rElec Int-2 Dex+4}
   (You found it in a Gauntlet)

   It affects your intelligence (-2).
   It affects your dexterity (+4).
   It insulates you from electricity.
 v - a +2 plate armour of cold resistance
   (You found it on level 6 of the Dungeon)
 H - a +2 helmet of intelligence (worn)
   (You found it in a Gauntlet)
 J - a +2 pair of boots (worn)
   (You found it on level 12 of the Dungeon)
 O - +1 gold dragon scales (worn)
   (You took it off a minotaur in a Gauntlet)
 T - a +2 cloak of stealth (worn)
   (You found it in a Gauntlet)
Jewellery
 m - a ring of protection from magic (left hand)
   (You found it on level 5 of the Dungeon)
 o - an amulet of faith (around neck)
   (You found it on level 4 of the Dungeon)
 I - a ring of protection from magic (right hand)
   (You found it on level 10 of the Dungeon)
 M - an uncursed amulet of guardian spirit
   (You took it off an orc on level 12 of the Dungeon)
 Q - an uncursed amulet of the acrobat {unknown}
   (You found it on level 14 of the Dungeon)
 W - the ring "Fuaschan" {+Fly rC+ rN+ SInv Stlth-}
   (You took it off a wizard on level 2 of the Depths)

   [ring of positive energy]

   It protects you from cold.
   It protects you from negative energy.
   It lets you see invisible.
   It lets you fly.
   It makes you less stealthy.
 Y - an uncursed ring of fire {unknown}
   (You found it on level 3 of the Depths)
Wands
 f - a wand of enslavement (27)
   (You found it on level 2 of the Dungeon)
 C - a wand of iceblast (32)
   (You found it on level 9 of the Dungeon)
 P - a wand of digging (5)
   (You found it on level 14 of the Dungeon)
Scrolls
 p - a scroll of summoning
 r - a scroll of identify
 s - 4 scrolls of fear
 t - 9 scrolls of teleportation
 u - 2 scrolls of immolation
 x - 6 scrolls of remove curse
 y - a scroll of holy word
 B - 5 scrolls of enchant weapon
 K - 3 scrolls of fog
 R - a scroll of silence
 U - a scroll of vulnerability
Potions
 d - 3 potions of might
 g - 2 potions of mutation
 h - 5 potions of haste
 n - 4 potions of resistance
 q - 7 potions of curing
 w - 3 potions of heal wounds
 z - a potion of invisibility
 A - 4 potions of magic
 D - 3 potions of lignification
 E - 4 potions of flight
 G - 3 potions of berserk rage
 L - a potion of ambrosia {unknown}
 N - 5 potions of degeneration {unknown}
Miscellaneous
 F - a condenser vane (2/2)
   (You found it in a Gauntlet)


   Skills:
 + Level 17.8 Fighting
 * Level 20.5 Axes
 + Level 17.6 Armour
 + Level 16.4 Dodging
   Level 7.4 Shields
 - Level 15.0 Invocations
 - Level 10.0 Evocations


You had 19 spell levels left.
You didn't know any spells.
Your spell library was empty.

Dungeon Overview and Level Annotations

Branches:
Dungeon (15/15)            Temple (1/1) D:6            Lair (4/6) D:10
 Shoals (4/4) Lair:3        Snake (4/4) Lair:4          Orc (0/2) D:10
 Vaults (0/5) D:13         Depths (5/5) D:15            Zot (2/5) Depths:5
 Bailey (visited)         Gauntlet (visited)

Altars:
Ashenzari
Cheibriados
Elyvilon
Fedhas
Gozag
Hepliaklqana
Kikubaaqudgha
Makhleb
Nemelex Xobeh
Okawaru
Qazlal
Ru
Sif Muna
Trog
Uskayaw
Vehumet
Wu Jian
Xom
Yredelemnul
Zin
The Shining One

Shops:
D:4 !   D:6 :   D:8 !   D:11 :   D:15 ?   Depths:4 ?[[*

Portals:
Hell: Depths:3 Depths:4
Abyss: Depths:4
Pandemonium: Depths:3
Ziggurat: Depths:2
Bazaar: Depths:2


Innate Abilities, Weirdness & Mutations

You are resistant to damage.
You can heal yourself by infusing magical energy.
You resist negative energy. (rN+)
You passively map a large area around you.
You do not regenerate.
You are frail. (-10% HP)


Message History

The deathcap releases spores at you.
* * * LOW HITPOINT WARNING * * *
You are engulfed in a cloud of spores!
You're too confused!
You slash the deathcap!
The deathcap is heavily damaged.
You slice the green draconian monk!!
The green draconian monk seems to slow down.
You freeze the green draconian monk! You hit the curse toe.
You slice the wandering mushroom!! You freeze the wandering mushroom.
You destroy the wandering mushroom!
You slash the deathcap! You freeze the deathcap.
You destroy the deathcap!
You slash the wandering mushroom! You freeze the wandering mushroom.
You barely miss the wandering mushroom. You hit the wandering mushroom.
You freeze the wandering mushroom.
The green draconian rages.
The green draconian monk is engulfed in freezing vapours.
The green draconian monk hits you!!!
You die...

*,, , ,
###....)..##...
* #.?.))))####
, * ,* * *
#....).......
,, , *
#............,,
* ,
#.............,
, , * *
####...#......,
, , , ,, , ,
#...#...... * ,
, #..f####### *
* * ,, , ,
#z@f# * , ,,
#qff#*** *, , ,
,> ...dy..., ,
* ...........#
* , , ,
...........$# ,
*
,..##........#
* * * ** .,
##........ ,,
,, ,,
#......... ,
,,, * , * ,


You could see a green draconian monk (berserk, slow), a green draconian
(berserk, slow), a curse toe, a deathcap (summoned), a moth of wrath and 3
wandering mushrooms.

Vanquished Creatures
  Mara (Shoals:4)
  A juggernaut (Depths:5)
  A Killer Klown (Zot:2)
  4 golden dragons
  A bone dragon (Depths:5)
  Nikola (Depths:2)
  3 tentacled monstrosities
  2 liches
  Polyphemus (Shoals:4)
  A deep elf blademaster (Depths:2)
  A sphinx (Depths:5)
  A death cob (Zot:2)
  Kirke (Shoals:4)
  2 storm dragons
  A shadow dragon (Depths:3)
  9 nagarajas
  A draconian monk (Depths:5)
  2 daevas (Depths:3)
  A draconian knight (Zot:2)
  4 fire giants
  2 orc warlords (Depths:2)
  2 draconian scorchers
  4 frost giants
  4 draconian shifters (Zot:2)
  A draconian annihilator (Zot:2)
  A draconian stormcaller (Depths:5)
  A reaper (Gauntlet)
  2 entropy weavers (D:13)
  8 very ugly things
  11 stone giants
  2 green draconians (Depths:5)
  2 red draconians (Zot:2)
  5 black draconians (Zot:2)
  A minotaur (Gauntlet)
  A spark wasp (Depths:3)
  3 white draconians
  Nessos (D:15)
  A purple draconian (Zot:2)
  2 merfolk javelineers (Shoals:4)
  7 merfolk impalers (Shoals:4)
  A blizzard demon (Gauntlet)
  6 ettins
  Josephine (D:10)
  11 yaktaur captains
  7 fire dragons
  4 great orbs of eyes
  4 ice dragons
  8 vault guards (D:13)
  10 naga warriors
  2 spriggan air magi (Depths:5)
  A catoblepas (Shoals:4)
  3 anacondas
  An alligator snapping turtle (Shoals:2)
  7 merfolk aquamancers
  7 centaur warriors
  19 two-headed ogres
  6 ogre magi
  Erica (D:8)
  3 death yaks (Shoals:4)
  A queen ant (D:13)
  5 tengu warriors
  5 naga sharpshooters
  2 vampire magi
  8 deep troll earth magi
  7 deep troll shamans
  6 thrashing horrors (Abyss:4)
  Nergalle (Lair:4)
  Urug (D:10)
  2 iron trolls
  A deep elf knight (Depths:2)
  4 spriggan berserkers
  6 spatial maelstroms (Abyss:4)
  4 skeletal warriors (D:15)
  A fire crab (shapeshifter) (D:13)
  8 hell knights (Depths:3)
  A flayed ghost (Depths:3)
  A salamander mystic (Snake:3)
  6 sea snakes
  2 shadow demons (Abyss:4)
  3 unseen horrors
  A glowing orange brain (Depths:5)
  3 wizards
  21 deep trolls
  A golden dragon skeleton (Depths:2)
  6 naga ritualists
  8 orc knights (Depths:2)
  2 necromancers
  An iron dragon zombie (Abyss:4)
  11 fauns
  7 mana vipers
  A wolf spider zombie (D:15)
  14 ugly things
  16 harpies
  A deep elf mage (D:14)
  A sphinx skeleton (Depths:2)
  9 salamanders
  4 cyclopes
  4 manticores
  2 moths of wrath (Zot:2)
  8 merfolk sirens
  15 black mambas
  2 centaur zombies
  A frost giant skeleton (Depths:2)
  7 naga magi (Snake:4)
  3 guardian serpents
  A stone giant skeleton (Depths:2)
  2 water nymphs (Shoals:4)
  An ice statue (Gauntlet)
  3 centaur skeletons
  Psyche (D:8)
  3 gargoyles
  7 cane toads
  7 komodo dragons
  A rime drake (shapeshifter) (Depths:3)
  A freezing wraith (D:15)
  A rime drake (Gauntlet)
  A hellwing (Gauntlet)
  13 yaktaurs
  A yaktaur (shapeshifter) (Abyss:4)
  2 tengu conjurers
  An ice devil (Gauntlet)
  3 polar bears
  13 merfolk
  A meliai (shapeshifter) (Abyss:4)
  A jumping spider (shapeshifter) (Depths:1)
  A queen bee (shapeshifter) (Depths:1)
  3 wind drakes
  6 trolls
  2 hornets
  Prince Ribbit (D:8)
  4 snapping turtles
  10 slime creatures
  11 hippogriffs
  10 dream sheep
  A frost giant simulacrum (Depths:2)
  9 blink frogs
  6 wraiths (D:10)
  9 water elementals
  A human (Shoals:4)
  46 yaks
  A spriggan (Depths:5)
  3 wyverns
  A basilisk (Lair:3)
  6 hogs (Shoals:4)
  4 vampire mosquitoes (D:15)
  7 small abominations
  5 spatial vortices (Abyss:4)
  5 large abominations (Depths:2)
  8 soldier ants
  37 nagas
  An acid dragon (D:9)
  8 water moccasins
  Duvessa (D:6)
  6 porcupines
  20 orc warriors
  3 ice beasts
  2 black bears
  5 phantoms
  3 sky beasts
  3 eyes of draining
  14 ogres
  An eye of draining (shapeshifter) (Depths:3)
  A necrophage (D:11)
  12 wolves (Lair:3)
  10 centaurs
  7 crocodiles
  Blork the orc (D:6)
  4 big kobolds
  19 bullfrogs
  A wyvern zombie (D:13)
  Dowan (D:6)
  7 scorpions
  A water moccasin skeleton (D:7)
  A wyvern skeleton (D:15)
  4 killer bees (D:9)
  14 wights
  4 electric eels (Lair:3)
  A howler monkey (D:8)
  3 jellies
  A crimson imp (Depths:3)
  A quasit (D:9)
  3 bullfrog zombies
  8 hounds
  2 bullfrog skeletons
  11 orc priests
  12 orc wizards
  9 iguanas
  30 worker ants
  5 hell rats (Lair:3)
  A hound zombie (D:6)
  2 hound skeletons
  A mummy (D:5)
  3 worker ant zombies
  A howler monkey zombie (D:10)
  8 adders
  2 howler monkey skeletons
  2 shadow imps
  3 white imps
  2 ufetubi
  2 adder skeletons
  2 adder zombies
  2 worms
  7 leopard geckos
  71 orcs
  A bat (D:3)
  2 giant cockroaches (D:4)
  2 goblins (D:2)
  2 hobgoblins (D:2)
  10 jackals
  3 quokkas
  2 frilled lizards
  19 kobolds
  6 rats
1083 creatures vanquished.

Vanquished Creatures (collateral kills)
  A naga warrior (Snake:4)
  2 naga ritualists (Snake:4)
  A naga mage (Snake:4)
  3 nagas (Snake:4)
7 creatures vanquished.

Vanquished Creatures (others)
  A nagaraja (Snake:4)
  A vampire knight (Depths:1)
  A naga (Snake:4)
  14 demonic plants (Gauntlet)
  25 fungi
  98 plants
140 creatures vanquished.

Grand Total: 1230 creatures vanquished

Notes
Turn   | Place    | Note
-------+----------+-------------------------------------------
     0 | D:1      | Flugslaktarn the Deep Dwarf Fighter began the quest for the
                  | Orb.
     0 | D:1      | Reached XP level 1. HP: 20/20 MP: 1/1
    70 | D:2      | Reached XP level 2. HP: 20/27 MP: 2/2
   142 | D:2      | Reached XP level 3. HP: 31/34 MP: 3/3
   162 | D:2      | Reached skill level 3 in Axes
   416 | D:4      | Reached XP level 4. HP: 34/42 MP: 4/4
   507 | D:4      | Noticed an ogre
   522 | D:4      | Killed an ogre
   522 | D:4      | Reached skill level 4 in Axes
   522 | D:4      | Reached XP level 5. HP: 50/50 MP: 5/5
   585 | D:4      | Noticed an ogre
   594 | D:4      | Killed an ogre
   594 | D:4      | Reached XP level 6. HP: 25/57 MP: 5/5
   883 | D:4      | Found Yhutyess's Distillery.
  1059 | D:5      | Entered Level 5 of the Dungeon
  1199 | D:5      | Reached skill level 5 in Axes
  1275 | D:5      | Reached XP level 7. HP: 38/66 MP: 6/6
  1427 | D:5      | Found a snail-covered altar of Cheibriados.
  1481 | D:6      | Reached skill level 5 in Fighting
  1499 | D:6      | Noticed Duvessa
  1499 | D:6      | Noticed Dowan
  1523 | D:6      | Killed Duvessa
  1523 | D:6      | Reached skill level 5 in Armour
  1530 | D:6      | Killed Dowan
  1530 | D:6      | Reached skill level 5 in Shields
  1544 | D:6      | Reached skill level 6 in Axes
  1633 | D:6      | Found a staircase to the Ecumenical Temple.
  1691 | Temple   | Entered the Ecumenical Temple
  1698 | Temple   | Became a worshipper of Makhleb the Destroyer
  1739 | D:6      | Found Aqun's Book Shop.
  1850 | D:6      | Found a shattered altar of Ashenzari.
  1889 | D:6      | Noticed Blork the orc
  1898 | D:6      | Reached XP level 8. HP: 56/75 MP: 5/5
  1929 | D:6      | Killed Blork the orc
  1929 | D:6      | Reached skill level 1 in Invocations
  2371 | D:6      | Found a shimmering blue altar of Sif Muna.
  2373 | D:6      | Found a basalt altar of Yredelemnul.
  2584 | D:6      | Reached skill level 7 in Axes
  2754 | D:7      | Reached * piety under Makhleb
  2849 | D:7      | Gained mutation: You passively map the area around you.
                  | [Deep Dwarf growth]
  2849 | D:7      | Reached XP level 9. HP: 43/85 MP: 7/7
  3160 | D:7      | Reached ** piety under Makhleb
  3170 | D:7      | Reached skill level 8 in Axes
  3395 | D:8      | Noticed Erica
  3395 | D:8      | Noticed Psyche
  3403 | D:8      | Killed Psyche
  3403 | D:8      | Reached skill level 1 in Evocations
  3407 | D:8      | Killed Erica
  3407 | D:8      | Reached skill level 5 in Invocations
  3460 | D:8      | Found Odotitie's Distillery.
  3462 | D:8      | Noticed Prince Ribbit
  3478 | D:8      | Killed Prince Ribbit
  3543 | D:8      | Reached XP level 10. HP: 63/96 MP: 8/8
  3602 | D:8      | Reached skill level 9 in Axes
  3779 | D:8      | Noticed a two-headed ogre
  3792 | D:8      | Killed a two-headed ogre
  3877 | D:8      | Reached *** piety under Makhleb
  3899 | D:8      | Found a flagged portal.
  3914 | Bailey   | Entered a bailey
  4150 | Bailey   | Found the +8 frozen axe "Frostbite" {freezing cloud, *Noise
                  | +Fly rC+}
  4535 | D:9      | Reached **** piety under Makhleb
  4575 | D:9      | Reached skill level 10 in Axes
  4600 | D:9      | Reached skill level 1 in Dodging
  4684 | D:9      | Reached skill level 5 in Evocations
  4692 | D:9      | Reached XP level 11. HP: 80/104 MP: 6/6
  5062 | D:10     | Entered Level 10 of the Dungeon
  5074 | D:10     | Found a staircase to the Lair.
  5086 | D:10     | Reached ***** piety under Makhleb
  5170 | D:10     | Noticed Josephine
  5200 | D:10     | Killed Josephine
  5227 | D:10     | Reached skill level 11 in Axes
  5257 | D:10     | Found a staircase to the Orcish Mines.
  5349 | D:10     | Noticed Urug
  5361 | D:10     | Killed Urug
  5384 | D:10     | Noticed a two-headed ogre
  5391 | D:10     | Killed a two-headed ogre
  5717 | D:11     | Noticed a two-headed ogre
  5723 | D:11     | Killed a two-headed ogre
  5723 | D:11     | Reached skill level 10 in Fighting
  5843 | D:11     | Found a bloodstained altar of Trog.
  5868 | D:11     | Found a sparkling altar of Nemelex Xobeh.
  5868 | D:11     | Noticed a two-headed ogre
  5875 | D:11     | Killed a two-headed ogre
  5875 | D:11     | Reached XP level 12. HP: 83/116 MP: 5/5
  6004 | D:11     | Found Neseyp's Book Emporium.
  6552 | D:12     | Reached skill level 5 in Dodging
  6640 | D:12     | Reached skill level 12 in Axes
  7127 | D:13     | Noticed a centaur warrior
  7136 | D:13     | Killed a centaur warrior
  7206 | D:13     | Noticed a vault guard
  7206 | D:13     | Noticed a vault guard
  7206 | D:13     | Noticed a vault guard
  7206 | D:13     | Noticed a vault guard
  7207 | D:13     | Found a gate to the Vaults.
  7207 | D:13     | Noticed a vault guard
  7207 | D:13     | Noticed a vault guard
  7207 | D:13     | Noticed a vault guard
  7209 | D:13     | Noticed a vault guard
  7212 | D:13     | Killed a vault guard
  7218 | D:13     | Killed a vault guard
  7222 | D:13     | Killed a vault guard
  7227 | D:13     | Killed a vault guard
  7227 | D:13     | Reached ****** piety under Makhleb
  7244 | D:13     | Killed a vault guard
  7249 | D:13     | Killed a vault guard
  7255 | D:13     | Killed a vault guard
  7259 | D:13     | Killed a vault guard
  7262 | D:13     | Reached XP level 13. HP: 120/127 MP: 7/7
  7268 | D:13     | Reached skill level 10 in Invocations
  7290 | D:13     | Noticed an entropy weaver
  7299 | D:13     | Killed an entropy weaver
  7299 | D:13     | Reached skill level 13 in Axes
  7299 | D:13     | Reached skill level 10 in Armour
  7318 | D:13     | Noticed an entropy weaver
  7328 | D:13     | Killed an entropy weaver
  7837 | D:14     | Found the +5 scythe "Finisher" {speed, eviscerate}
  8598 | D:15     | Entered Level 15 of the Dungeon
  8673 | D:15     | Reached skill level 10 in Evocations
  8703 | D:15     | Found Luelesak's Magic Scroll Emporium.
  8709 | D:15     | Noticed Nessos
  8724 | D:15     | Reached skill level 14 in Axes
  8750 | D:15     | Gained mutation: You resist negative energy. (rN+) [Deep
                  | Dwarf growth]
  8750 | D:15     | Reached XP level 14. HP: 61/139 MP: 9/9
  8768 | D:15     | Killed Nessos
  8787 | D:15     | Bought a scroll of fog for 20 gold pieces
  8875 | D:15     | Found a staircase to the Depths.
  9389 | Lair:1   | Entered Level 1 of the Lair of Beasts
  9427 | Lair:1   | Found a gate leading to a gauntlet.
  9440 | Gauntlet | Entered a Gauntlet
  9440 | Gauntlet | Found a transporter.
  9440 | Gauntlet | Found a transporter.
  9444 | Gauntlet | Found a transporter.
  9444 | Gauntlet | Found a transporter.
  9457 | Gauntlet | Found a transporter.
  9463 | Gauntlet | Noticed a reaper
  9466 | Gauntlet | Found a transporter.
  9472 | Gauntlet | Noticed a reaper
  9474 | Gauntlet | Found a transporter.
  9476 | Gauntlet | Found a transporter.
  9480 | Gauntlet | Found a transporter.
  9486 | Gauntlet | Found a transporter.
  9516 | Gauntlet | Found a transporter.
  9536 | Gauntlet | Found a transporter.
  9581 | Gauntlet | Found a transporter.
  9595 | Gauntlet | Found a transporter.
  9695 | Gauntlet | Found a transporter.
  9709 | Gauntlet | Found a transporter.
  9873 | Gauntlet | Killed a reaper
  9880 | Gauntlet | Got a pair of polished gloves
  9884 | Gauntlet | Got a pair of fine gloves
  9966 | Gauntlet | Identified the +10 flail of Impermanence {freeze, rF+}
  9983 | Gauntlet | Identified the Handbook of Damaging Changing
  9989 | Gauntlet | Got a pair of bloodstained boots
  9991 | Gauntlet | Identified the Papyrus of Conjuration and Transmutation
 10029 | Lair:1   | Identified the cursed +0 pair of gloves of Corruif {rN+++
                  | MP+9 Str+2} (You found it in a Gauntlet)
 10039 | Lair:1   | Identified the cursed +0 pair of boots "Socicausano" {rCorr
                  | Slay+3} (You found it in a Gauntlet)
 10057 | Lair:1   | Identified the +2 pair of gloves of Kuadixam {rElec Int-2
                  | Dex+4} (You found it in a Gauntlet)
 10355 | Lair:2   | Reached skill level 15 in Axes
 11449 | Lair:3   | Found a staircase to the Shoals.
 11799 | Lair:4   | Found a staircase to the Snake Pit.
 11829 | Lair:4   | Noticed Nergalle
 11837 | Lair:4   | Killed Nergalle
 11837 | Lair:4   | Reached XP level 15. HP: 148/148 MP: 6/6
 11884 | Snake:1  | Entered Level 1 of the Snake Pit
 12205 | Snake:3  | Reached skill level 16 in Axes
 12207 | Snake:3  | Found a shimmering altar of Xom.
 12223 | Snake:4  | Entered Level 4 of the Snake Pit
 12228 | Snake:4  | Reached skill level 10 in Dodging
 12251 | Snake:4  | Noticed a nagaraja
 12259 | Snake:4  | Noticed a nagaraja
 12260 | Snake:4  | Killed a nagaraja
 12262 | Snake:4  | Noticed a nagaraja
 12273 | Snake:4  | Killed a nagaraja
 12277 | Snake:4  | Killed a nagaraja
 12349 | Snake:4  | Noticed a nagaraja
 12365 | Snake:4  | Killed a nagaraja
 12408 | Snake:4  | Noticed a nagaraja
 12414 | Snake:4  | Killed a nagaraja
 12439 | Snake:4  | Noticed a nagaraja
 12440 | Snake:4  | Noticed a nagaraja
 12449 | Snake:4  | Killed a nagaraja
 12450 | Snake:4  | Killed a nagaraja
 12450 | Snake:4  | Reached XP level 16. HP: 160/160 MP: 7/7
 12484 | Snake:4  | Reached skill level 17 in Axes
 12495 | Snake:4  | Got a serpentine rune of Zot
 12697 | Shoals:1 | Entered Level 1 of the Shoals
 12938 | Shoals:3 | Reached skill level 15 in Fighting
 12954 | Shoals:4 | Entered Level 4 of the Shoals
 12954 | Shoals:4 | Noticed Kirke
 12970 | Shoals:4 | Killed Kirke
 13019 | Shoals:4 | Noticed Mara
 13027 | Shoals:4 | Noticed Polyphemus
 13039 | Shoals:4 | Noticed Flugslaktarn's illusion
 13049 | Shoals:4 | HP: 4/163 [merfolk/+0 trident (11)]
 13119 | Shoals:4 | Killed Polyphemus
 13119 | Shoals:4 | Reached skill level 18 in Axes
 13133 | Shoals:4 | Reached XP level 17. HP: 156/170 MP: 6/6
 13179 | Shoals:4 | Noticed Flugslaktarn's illusion
 13188 | Shoals:4 | Reached skill level 15 in Invocations
 13194 | Shoals:4 | Noticed Flugslaktarn's illusion
 13298 | Shoals:4 | Noticed Flugslaktarn's illusion
 13303 | Shoals:4 | Killed Mara
 13417 | Shoals:4 | Got a barnacled rune of Zot
 13632 | D:15     | Cast into level 4 of the Abyss (unwielding a weapon of
                  | distortion)
 13640 | Abyss:4  | Gained mutation: You are frail. (-10% HP) [mutagenic glow]
 13721 | Abyss:4  | Got an abyssal rune of Zot
 13738 | D:15     | Escaped the Abyss
 13800 | Depths:1 | Entered Level 1 of the Depths
 13823 | Depths:1 | Noticed a tentacled monstrosity
 13840 | Depths:1 | Killed a tentacled monstrosity
 13862 | Depths:1 | Reached skill level 15 in Armour
 13990 | Depths:2 | Gained mutation: You passively map a large area around you.
                  | [Deep Dwarf growth]
 13990 | Depths:2 | Reached XP level 18. HP: 160/162 MP: 5/5
 14177 | Depths:2 | Found a gateway to a ziggurat.
 14612 | Depths:2 | Noticed Nikola
 14629 | Depths:2 | Killed Nikola
 14635 | Depths:2 | Reached skill level 15 in Dodging
 14636 | Depths:2 | Found an iron altar of Okawaru.
 14842 | Depths:2 | Found a gateway to a bazaar.
 15083 | Depths:2 | Identified the ring "Fuaschan" {+Fly rC+ rN+ SInv Stlth-}
 15153 | Depths:2 | Got a transparent helmet
 15164 | Depths:2 | Identified the +0 helmet "Pec Ogewudd" {MP+9 Int+7} (You
                  | found it on level 2 of the Depths)
 15239 | Depths:3 | Noticed a golden dragon
 15239 | Depths:3 | Noticed a tentacled monstrosity
 15249 | Depths:3 | Killed a tentacled monstrosity
 15251 | Depths:3 | Killed a golden dragon
 15251 | Depths:3 | Reached XP level 19. HP: 169/173 MP: 5/5
 15282 | Depths:3 | Reached skill level 19 in Axes
 15305 | Depths:3 | Cast into level 2 of the Abyss (hell knight)
 15320 | Depths:3 | Escaped the Abyss
 15347 | Depths:3 | Cast into level 3 of the Abyss (hell knight)
 15385 | Depths:3 | Escaped the Abyss
 15552 | Depths:3 | Found a one-way gate leading to the halls of Pandemonium.
 15656 | Depths:3 | Found a gateway to Hell.
 15824 | Depths:4 | Found Cuceyx's Magic Scroll Boutique.
 15825 | Depths:4 | Found Wolaofum's Armour Shop.
 15825 | Depths:4 | Found Keapogor's Armour Boutique.
 15829 | Depths:4 | Found Efefukic's General Store.
 15834 | Depths:4 | Bought the +0 pair of gloves "Taeduis" {rF++ Str-5} for 444
                  | gold pieces
 15877 | Depths:4 | Found a one-way gate to the infinite horrors of the Abyss.
 15901 | Depths:5 | Entered Level 5 of the Depths
 15996 | Depths:5 | Noticed a juggernaut
 16007 | Depths:5 | Killed a juggernaut
 16019 | Depths:5 | Noticed a golden dragon
 16026 | Depths:5 | Killed a golden dragon
 16172 | Depths:5 | Noticed a bone dragon
 16189 | Depths:5 | Noticed a golden dragon
 16197 | Depths:5 | Killed a bone dragon
 16198 | Depths:5 | Reached skill level 20 in Axes
 16204 | Depths:5 | Reached XP level 20. HP: 173/180 MP: 6/6
 16205 | Depths:5 | Killed a golden dragon
 16206 | Depths:5 | Found a gate to the Realm of Zot.
 16248 | Zot:1    | Entered Level 1 of the Realm of Zot
 16282 | Zot:2    | Noticed a Killer Klown
 16306 | Zot:2    | Noticed a golden dragon
 16319 | Zot:2    | Killed a golden dragon
 16320 | Zot:2    | Killed a Killer Klown
 16322 | Zot:2    | Noticed a curse toe
 16333 | Zot:2    | Demolished by a green draconian monk

Illustrated notes

Levels and vault maps discovered:
D:1:      saegor_arrival_simple_a, layout_basic, minmay_tetromino_s2
D:2:      layout_rooms
D:3:      layout_loops_ring, grunt_gozag_statues
D:4:      layout_basic, serial_shops, shop
D:5:      layout_rooms, chei_slow_surprise
D:6:      layout_loops_corners, nicolae_overflow_hidden_temple,
          minmay_temple_entry_stoned_glass, serial_shops, shop,
          nicolae_zen_rock_garden, uniq_duvessa, uniq_blork_the_orc
D:7:      minmay_razor_zed, layout_rooms
D:8:      layout_gridville, enter_bailey_6, serial_shops, shop_statue,
          uniq_erica, uniq_prince_ribbit1, uniq_maurice, uniq_psyche
D:9:      layout_cave_pools, hangedman_decor_clover_reticule
D:10:     layout_rooms, minmay_lair_entry_grove, david_orc_3, uniq_josephine,
          uniq_urug
D:11:     layout_basic, basic_altar, serial_shops, shop_fountains,
          trog_ov_bears_minmay
D:12:     layout_irregular_city
D:13:     layout_long_grid, erik_vaults_2, minmay_another_anthill
D:14:     layout_irregular_city, corexii_hall_statues_l, serial_park_tiny_1,
          kennysheep_generic_room_15
D:15:     grunt_enter_depths_snipers, layout_loops_ring, serial_shops, shop,
          uniq_nessos
Temple:   nicolae_temple_no_exploring_needed
Lair:1:   layout_gridlike, gauntlet_entry_generic, grunt_megastairs_5,
          lemuel_fruit_tree
Lair:2:   layout_chaotic_city, grunt_megastairs_1, serial_bayou_shore_b
Lair:3:   layout_loops_ring, elwin_shoals_entry_rocks, serial_bayou_lagoon_b
Lair:4:   layout_cave_pods, minmay_snake_entry_guardpost_small, st_stairs_11,
          beast_lair_carwin_7, uniq_nergalle
Shoals:1: layout_shoals, serial_shops, shop, nicolae_shoals_arrival_archipelago
Shoals:2: layout_shoals, serial_shops, shop, st_sunken_huts
Shoals:3: layout_shoals, st_shoals_ruin
Shoals:4: shoals_end_simple, layout_shoals, uniq_mara, uniq_donald,
          uniq_polyphemus, uniq_roxanne, uniq_kirke
Snake:1:  layout_honeycomb, gammafunk_ghost_necromancy
Snake:2:  layout_misc_corridors, grunt_ministairs_2, nicolae_snake_single_loop
Snake:3:  layout_onion, basic_altar, serial_shops, shop, drop_trap
Snake:4:  grunt_snake_rune_spirals, layout_onion
Depths:1: minmay_the_grid_octo_2x2 [minmay_the_grid_octo_focus,
          minmay_the_grid_octo_checkerflower, minmay_the_grid_octo_clover,
          minmay_the_grid_octo_prize_square_snowflake], layout_cave_pools,
          hellmouth_1, kennysheep_opposing_triangles, uniq_aizul
Depths:2: evilmike_iron_armoury, layout_gridlike, enter_ziggurat_f,
          lightli_too_deep, serial_shops, bzr_entry_lakeside, laboratory,
          kennysheep_random_hallway, serial_bayou_shore_b,
          minmay_staircase_windowed_large, uniq_nikola
Depths:3: abrahamwl_protected_by_tso_1, layout_cross, hell_entry,
          roderic_serpentine_path, grunt_pan_entry_spiral, evilmike_ambush
          [evilmike_ambush_outer_basic, evilmike_ambush_inner_wall_1]
Depths:4: four-leaf_vault, layout_basic, abyss_entry,
          gammafunk_ghost_tricky_traps, pf_hell_entry_tar_spiral,
          grunt_decor_arrowhead, serial_bayou_shore_a, minmay_shoptagon,
          minmay_staircase_statues
Depths:5: grunt_zot_entry_bicorn, layout_gridville, serial_sigils,
          serial_sigils_hangedman_gnaw, serial_sigils_hangedman_quiver,
          serial_sigils_hangedman_gut, serial_sigils_hangedman_confine,
          serial_sigils_hangedman_quiver, hell_entry
Zot:1:    layout_basic, grunt_ministairs_11, skrybe_zot_glass_1
Zot:2:    layout_basic, lemuel_elevator

Skill      XL: |  1  2  3  4  5  6  7  8  9 10 11 12 13 14 15 16 17 18 19 |
---------------+----------------------------------------------------------+-----
Fighting       | 3 4 5 6 7 8 10 11 12 13 14 15 16 17 | 17.8
Axes           | 3 4 5 6 7 8 10 11 12 14 15 16 18 20 | 20.5
Armour         | 4 5 6 7 8 9 10 11 12 13 15 16 17 | 17.6
Shields        | 4 5 6 7 |  7.4
Invocations    | 3 5 6 8 9 11 12 13 14 15 | 15.0
Evocations     | 2 5 7 8 10 | 10.0
Dodging        | 1 4 6 7 9 10 11 13 15 16 | 16.4

Action                   |  1- 3 |  4- 6 |  7- 9 | 10-12 | 13-15 | 16-18 | 19-21 || total
-------------------------+-------+-------+-------+-------+-------+-------+-------++-------
Melee: War axe           |    88 |   102 |   366 |   492 |       |       |       ||  1048
       Executioner's axe |       |       |       |   203 |   668 |   751 |   293 ||  1915
Invok: Lesser Servant of |       |       |       |       |     1 |       |       ||     1
       Greater Servant o |       |       |       |       |     1 |       |       ||     1
 Abil: Heal Wounds       |     2 |     5 |    15 |    15 |    15 |    22 |     6 ||    80
Evoke: Wand              |       |       |       |     2 |     6 |       |       ||     8
       Condenser vane    |       |       |       |       |       |     5 |     2 ||     7
  Use: Scroll            |       |     8 |    11 |     7 |     6 |     3 |     8 ||    43
       Potion            |       |       |     1 |     1 |     3 |     4 |       ||     9
 Stab: Distracted        |       |       |       |       |     6 |       |       ||     6
       Petrified         |       |       |       |       |       |     5 |       ||     5
       Petrifying        |       |       |       |       |       |     1 |       ||     1
       Confused          |       |       |       |       |       |     1 |       ||     1
Armor: Scale mail        |    49 |    16 |       |       |       |       |       ||    65
       Plate armour      |       |    47 |   259 |   537 |   321 |       |       ||  1164
       Gold dragon scale |       |       |       |       |   404 |  1208 |   442 ||  2054
Dodge: Dodged            |    31 |    22 |    53 |   231 |   481 |   831 |   316 ||  1965
Block: Kite shield       |    56 |    53 |   223 |   426 |       |       |       ||   758

Table legend: (Time is in decaauts)
 A = Elapsed time spent in this place.
 B = Non-inter-level travel time spent in this place.
 C = Inter-level travel time spent in this place.
 D = Time resting spent in this place.
 E = Time spent auto-exploring this place.
 F = Levels seen in this place.
 G = Mean time per level.
                   A        B        C        D        E       F      G
               +--------+--------+--------+--------+--------+-----+--------+
         Total |  17028 |  15490 |   1538 |    131 |   9179 |  40 |  425.7 |
       Dungeon |   9570 |   8793 |    777 |    100 |   5964 |  15 |  638.0 |
        Temple |     14 |      2 |     12 |      0 |      0 |   1 |   14.0 |
          Lair |   2090 |   1904 |    186 |      0 |   1411 |   4 |  522.5 |
        Shoals |    890 |    799 |     91 |     19 |    147 |   4 |  222.5 |
     Snake Pit |    828 |    650 |    178 |      0 |    172 |   4 |  207.0 |
        Depths |   2426 |   2153 |    273 |      0 |   1131 |   5 |  485.2 |
           Zot |    106 |     88 |     18 |      0 |     13 |   2 |   53.0 |
         Abyss |    143 |    143 |      0 |     12 |     21 |   3 |   47.7 |
        Bailey |    379 |    379 |      0 |      0 |     25 |   1 |  379.0 |
      Gauntlet |    579 |    579 |      0 |      0 |    294 |   1 |  579.0 |
               +--------+--------+--------+--------+--------+-----+--------+

Top non-repeatable levels by time:
     D:6: 1300 daAuts
Depths:2: 1259 daAuts
    D:13: 1082 daAuts
    D:14: 847 daAuts
     D:4: 827 daAuts
  Lair:3: 813 daAuts
    D:15: 801 daAuts
     D:8: 797 daAuts
  Lair:2: 744 daAuts
    D:12: 733 daAuts
     D:7: 691 daAuts
    D:11: 661 daAuts
    D:10: 579 daAuts
Gauntlet: 579 daAuts
     D:9: 539 daAuts
